 Dungeon Crawl Stone Soup version 0.31-a0-1447-g87ca8d402b (webtiles) character file.

Game seed: 9403495740269808771

148 mopl the Ruffian (level 5, -3/38 HPs)
             Began as a Djinni Shapeshifter on Dec 27, 2023.
             Was a Believer of Uskayaw.
             Slain by a water moccasin (5 damage)
             ... on level 4 of the Dungeon.
             The game lasted 00:02:25 (2143 turns).

mopl the Ruffian (Djinni Shapeshifter)              Turns: 2143, Time: 00:02:26

Health: -3/38      AC:  5    Str: 15    XL:     5   Next: 56%
Gold:   175        EV: 11    Int: 11    God:    Uskayaw [**....] SH:  0 Dex: 13

rFire   + . .        h - +1 dagger (venom)
rCold   . . .        (no shield)
rNeg    . . .        r - +0 ring mail
rPois   ∞            (helmet currently unavailable)
rElec   .            (cloak currently unavailable)
rCorr   .            (gloves currently unavailable)
SInv    .            (boots unavailable)
Will    .....        (no amulet)
Stlth   +            g - ring of ice
HPRegen 0.26/turn    (no ring)
MPRegen 0.00/turn

%: infuse magic (-4 HP)
@: beast-form, flying
A: beast (slay +2), flying, sickness immunity, fire resistance 2, cold
vulnerability 1, float, innate caster, HP casting, extra vitality 1
a: Begin Untransformation, Renounce Religion, Stomp, Line Pass


You were on level 4 of the Dungeon.
You worshipped Uskayaw.
Uskayaw was noncommittal.
You were a hulking beast.
You visited 1 branch of the dungeon, and saw 4 of its levels.

You collected 175 gold pieces.

Inventory:

Hand Weapons
 h - a +1 dagger of venom (weapon)
 v - a +1 hand axe of flaming
Missiles
 s - 6 poisoned darts
Armour
 p - a +0 pair of gloves
 r - a +0 ring mail (worn)
Jewellery
 g - a ring of ice (left hand)
Talismans
 c - a beast talisman
 d - a flux talisman
 y - a blade talisman
Scrolls
 a - 3 scrolls of fear {unknown}
 e - 2 scrolls of vulnerability {unknown}
 j - a scroll of blinking {unknown}
 m - a scroll of fog {unknown}
 n - a scroll of torment {unknown}
 o - 2 scrolls of poison {unknown}
 q - 6 scrolls of identify {unknown}
 t - a scroll of summoning {unknown}
 u - a scroll of revelation {unknown}
 w - a scroll of amnesia {unknown}
 z - 3 scrolls of noise {unknown}
Potions
 b - 2 potions of lignification {!q}
 f - a potion of ambrosia {unknown}
 i - a potion of might {unknown}
 k - 2 potions of heal wounds {unknown}
 l - 2 potions of degeneration {unknown}
 x - 2 potions of curing {unknown}


   Skills:
 + Level 2.2 Fighting
 - Level 2.1 Dodging
 * Level 4.2 Unarmed Combat
 + Level 0.8 Invocations
 * Level 3.7 Shapeshifting


You knew the following spells:

 Your Spells              Type           Power      Damage    Failure   Level
a - Sting                 Conj/Alch      0%         1d3       56%         1
b - Blink                 Tloc           0%         N/A       71%         2
Your spell library was empty.

Dungeon Overview and Level Annotations

Branches:
Dungeon (4/15)
 Temple: D:4-7

Altars:
Dithmenos
Uskayaw
Zin
The Shining One

Annotations:
D:3 2 transporters, bmj180's ghost, novice HuCj
D:4 4 runed translucent doors


Innate Abilities, Weirdness & Mutations

You are a hulking beast.
Your limbs bulge with bestial killing power. (Slay +2)
You are flying.
You are immune to sickness and miasma.
You are immune to poison.
Your flesh is very heat resistant. (rF++)
You are vulnerable to cold. (rC-)
You float through the air rather than walking.
You learn spells naturally, not from books.
Your magical power is your life essence.
You have superior vitality. (+4 MHP)


Message History

You hit the water moccasin but do no damage.
The water moccasin is poisoned.
The water moccasin is moderately wounded.
The water moccasin bites you but does no damage.
You barely miss the water moccasin. Your punch misses the water moccasin.
The water moccasin is heavily wounded.
The water moccasin bites you but does no damage.
The water moccasin bites you.
You are too injured to fight recklessly!
You are too injured to fight recklessly!
You are too injured to fight recklessly!
You are too injured to fight recklessly!
You are too injured to fight recklessly!
You are too injured to fight recklessly!
You are too injured to fight recklessly!
You are too injured to fight recklessly!
You are too injured to fight recklessly!
You are too injured to fight recklessly!
You are too injured to fight recklessly!
You are too injured to fight recklessly!
You are too injured to fight recklessly!
You are too injured to fight recklessly!
You are too injured to fight recklessly!
You hit the water moccasin.
The water moccasin is heavily wounded.
The water moccasin bites you.
You hit the water moccasin.
The water moccasin is heavily wounded.
The water moccasin bites you.
* * * LOW HITPOINT WARNING * * *
The water moccasin bites you!
* * * LOW HITPOINT WARNING * * *
You closely miss the water moccasin.
The water moccasin is heavily wounded.
The water moccasin bites you.
* * * LOW HITPOINT WARNING * * *
You miss the water moccasin.
The water moccasin is severely wounded.
The water moccasin bites you.
You die...

#8..8##.. 8
...8#.. ...:#.. ##
...$#.. ##.
..$8#.. #..#######
O.8##..
#.##)#.'.##++##...
#S#.#†.#..........
#h####.#..#####..#
##...†##..# #..
######...# #.###
.........# ##.##.
#.####.####..##.
#.##............
#.#<.#.###...##.
#..#.#.##.......
#......##..#.#.#


You could see a water moccasin (poisoned).

Vanquished Creatures
  A hound (D:4)
  5 adders
  2 dart slugs
  5 orcs (D:3)
  3 endoplasms
  3 giant cockroaches
  4 goblins
  4 hobgoblins
  3 jackals
  9 kobolds
  A quokka (D:3)
  8 ball pythons
  5 bats
  3 frilled lizards
  6 rats
62 creatures vanquished.

Notes
Turn   | Place    | Note
-------+----------+-------------------------------------------
     0 | D:1      | mopl the Djinni Shapeshifter began the quest for the Orb.
     0 | D:1      | Reached XP level 1. HP: 17/17 MP: 0/0
   127 | D:1      | Reached XP level 2. HP: 15/22 MP: 0/0
   186 | D:1      | Reached skill level 3 in Shapeshifting
   335 | D:1      | Reached XP level 3. HP: 24/27 MP: 0/0
   335 | D:1      | Learned a level 1 spell: Sting
   824 | D:2      | Found a glowing silver altar of Zin.
  1001 | D:2      | You are sucked into a shaft and drop 2 floors!
  1001 | D:4      | Found a large runed translucent door.
  1001 | D:4      | Found a large runed translucent door.
  1067 | D:4      | Found a glowing golden altar of the Shining One.
  1246 | D:3      | Reached XP level 4. HP: 13/33 MP: 0/0
  1419 | D:3      | Found a transporter.
  1422 | D:3      | Noticed bmj180's ghost (novice HuCj)
  1423 | D:3      | Noticed an ogre
  1423 | D:3      | Identified the +7 great mace "Tocwivva" {freeze, Str+2
                  | Dex+3}
  1423 | D:3      | Noticed an ogre
  1424 | D:3      | Found a transporter.
  1442 | D:3      | Found a shadowy altar of Dithmenos.
  1777 | D:4      | Found a hide-covered altar of Uskayaw.
  1808 | D:4      | Became a worshipper of Uskayaw the Reveller
  1959 | D:4      | Reached * piety under Uskayaw
  1972 | D:4      | Reached skill level 2 in Fighting
  1972 | D:4      | Reached skill level 4 in Unarmed Combat
  1972 | D:4      | Reached XP level 5. HP: 25/38 MP: 0/0
  1972 | D:4      | Learned a level 2 spell: Blink
  2092 | D:4      | Found a large runed translucent door.
  2092 | D:4      | Noticed a yak
  2093 | D:4      | Found a large runed translucent door.
  2095 | D:4      | Noticed a two-headed ogre
  2125 | D:4      | Noticed a water moccasin
  2131 | D:4      | Reached ** piety under Uskayaw
  2143 | D:4      | Slain by a water moccasin

Illustrated notes

Levels and vault maps discovered:
D:1:      scummos_arrival_forest, layout_loops_cross,
          chequers_hall_statues_corner_a, minmay_misc_feat_hallway
D:2:      layout_rooms, basic_altar
D:3:      layout_rooms, grunt_dithmenos_smoke_and_mirrors, gammafunk_ghost_smash
D:4:      layout_loops_cross, nicolae_overflow_crystal_walls,
          mainiacjoe_overflow_tiny_flanked, regret_index_xom_buried_treasure,
          minmay_hollow_rounded_squares

Skill      XL: |  1  2  3  4 |
---------------+-------------+-----
Shapeshifting  | 3 |  3.7
Fighting       | 2 |  2.2
Unarmed Combat | 4 |  4.2
Dodging        | |  2.1
Invocations    | |  0.8

Action                     |  1- 3 |  4- 6 || total
---------------------------+-------+-------++-------
  Melee: Unarmed           |    37 |       ||    37
         Punch             |     3 |     2 ||     5
         Dagger            |    49 |    89 ||   138
   Stab: Sleeping          |     1 |       ||     1
 Armour: Animal skin       |    25 |       ||    25
         Ring mail         |    22 |    66 ||    88
  Dodge: Dodged            |    44 |    42 ||    86

Table legend: (Time is in decaauts)
 A = Elapsed time spent in this place.
 B = Non-inter-level travel time spent in this place.
 C = Inter-level travel time spent in this place.
 D = Time resting spent in this place.
 E = Time spent auto-exploring this place.
 F = Levels seen in this place.
 G = Mean time per level.
                   A        B        C        D        E       F      G
               +--------+--------+--------+--------+--------+-----+--------+
         Total |   2140 |   2080 |     60 |     81 |   1555 |   4 |  535.0 |
       Dungeon |   2140 |   2080 |     60 |     81 |   1555 |   4 |  535.0 |
               +--------+--------+--------+--------+--------+-----+--------+

Top non-repeatable levels by time:
     D:1: 692 daAuts
     D:2: 494 daAuts
     D:4: 489 daAuts
     D:3: 464 daAuts
